Map: Paladino Terminal LE

Players

aLo

  • Race: Zerg Zerg
  • Spawn Location: 9:00

ReiGN - Winner!

  • Race: Protoss Protoss
  • Spawn Location: 5:00

Event: IEM XI Katowice - World Championship 2017

VOD

Have the link to the VOD?

Description

Time

  • Played on: Feb. 28, 2017, 9:43 a.m.
  • Length: 6:37

All games in this series

Show
View Real Time Build Order
Export as new Build Order

aLo Zerg 

Build Orders: Hatch First 

Get SALT Encoding   

  12  0:00  Drone  
  13  0:09  Drone  
  14  0:18  Extractor, Drone  
  15  0:23  Overlord  
  15  0:42  Drone x2  
  17  0:48  Drone  
  18  1:09  Extractor  
  17  1:11  Drone  
  17  1:12  Hatchery  
  17  1:20  Spawning Pool  
  17  1:23  Drone  
  17  1:24  Drone  
  18  1:34  Drone  
  19  1:46  Overlord  
  19  2:07  Zergling x4  
  21  2:10  Zergling x2  
  21  2:12  Queen  
  24  2:24  Queen  
  24  2:25  Metabolic Boost  
  24  2:29  Zergling x4  
  28  2:30  Evolution Chamber  
  27  2:38  Drone  
  27  2:39  Drone  
  29  2:49  Drone x2  
  31  2:57  Overlord  
  31  2:59  Drone  
  31  3:03  Drone  
  32  3:17  Drone  
  32  3:18  Drone x2  
  35  3:31  Drone x3  
  38  3:40  Zergling x10  
  43  3:50  Drone  
  43  3:51  Overlord  
  44  4:09  Queen x2  
  48  4:21  Hatchery  
  47  4:27  Drone  
  47  4:28  Drone x4  
  52  4:31  Overlord x2  
  52  4:41  Extractor x2  
  49  4:52  Drone x4  
  49  5:01  Drone x2  
  49  5:15  Zergling x8  
  49  5:20  Roach Warren  
  52  5:25  Extractor  
  52  5:27  Queen  
  53  5:44  Pneumatized Carapace  
  53  6:01  Spore Crawler  
  52  6:11  Spore Crawler, Zergling x2  
  52  6:12  Roach x5  
  52  6:13  Roach x2  
Show
View Real Time Build Order
Export as new Build Order

ReiGN Protoss - Winner!

Build Orders:  

Get SALT Encoding   

  12  0:01  Probe (Chrono Boost)  
  13  0:11  Probe (Chrono Boost)  
  14  0:21  Pylon  
  14  0:25  Probe (Chrono Boost)  
  15  0:39  Probe (Chrono Boost)  
  15  0:42  Gateway  
  16  0:48  Assimilator  
  16  0:50  Probe (Chrono Boost)  
  17  1:01  Probe (Chrono Boost)  
  18  1:09  Pylon  
  18  1:11  Probe (Chrono Boost)  
  19  1:22  Probe (Chrono Boost)  
  20  1:29  Cybernetics Core  
  21  1:32  Probe (Chrono Boost)  
  21  1:34  Assimilator  
  21  1:43  Probe (Chrono Boost)  
  22  2:01  Nexus  
  22  2:08  Mothership Core (Chrono Boost)  
  24  2:14  Adept  
  26  2:18  Warp Gate  
  26  2:23  Assimilator  
  26  2:27  Probe (Chrono Boost)  
  27  2:38  Probe (Chrono Boost)  
  27  2:41  Adept  
  30  2:48  Probe (Chrono Boost)  
  31  3:13  Pylon, Probe (Chrono Boost)  
  31  3:14  Twilight Council  
  31  3:15  Probe (Chrono Boost)  
  33  3:23  Adept, Probe (Chrono Boost)  
  33  3:25  Probe (Chrono Boost)  
  38  3:34  Probe (Chrono Boost)  
  38  3:36  Probe (Chrono Boost)  
  39  3:45  Probe (Chrono Boost)  
  39  3:46  Probe (Chrono Boost)  
  41  3:53  Robotics Facility  
  41  3:55  Probe (Chrono Boost)  
  42  3:57  Probe (Chrono Boost)  
  42  4:00  Resonating Glaives  
  43  4:06  Probe (Chrono Boost)  
  43  4:07  Probe (Chrono Boost)  
  45  4:14  Gateway  
  45  4:15  Pylon  
  45  4:16  Probe (Chrono Boost)  
  46  4:18  Probe (Chrono Boost)  
  47  4:27  Probe (Chrono Boost)  
  47  4:28  Probe (Chrono Boost)  
  48  4:33  Pylon, Dark Shrine  
  48  4:37  Probe (Chrono Boost)  
  49  4:40  Gateway  
  49  4:42  Warp Prism  
  45  4:58  Probe (Chrono Boost)  
  44  5:01  Probe (Chrono Boost)  
  44  5:03  Assimilator  
  45  5:07  Assimilator  
  45  5:08  Probe (Chrono Boost)  
  46  5:18  Probe (Chrono Boost)  
  46  5:19  Probe (Chrono Boost)  
  48  5:23  Gateway  
  48  5:29  Probe (Chrono Boost)  
  48  5:30  Probe (Chrono Boost)  
  50  5:39  Probe (Chrono Boost)  
  50  5:42  Probe (Chrono Boost)  
  52  5:45  Dark Templar x3  
  59  5:50  Probe (Chrono Boost)  
  59  5:57  Probe (Chrono Boost)  
  60  6:03  Probe (Chrono Boost)  
  60  6:04  Nexus  
  61  6:06  Pylon  
  61  6:09  Probe (Chrono Boost)  
  62  6:25  Probe (Chrono Boost)  
  64  6:35  Pylon  
  65  6:36  Pylon  

Tags
 
Add a new tag
Caveats
  • Supply blocks, unpowered buildings, or Contaminate may cause inaccurate times.
  • Supply counts are checked every 10 seconds.